 Dungeon Crawl Stone Soup version 0.21.1-1-g345015f (webtiles) character file.

241 Mgcat the Chopper (level 5, -8/48 HPs)
             Began as a Minotaur Skald on Mar 20, 2018.
             Mangled by an iron imp (9 damage)
             ... summoned by Eustachio
             ... on level 4 of the Dungeon.
             The game lasted 00:07:26 (3067 turns).

Mgcat the Chopper (Minotaur Skald)                  Turns: 3067, Time: 00:07:27

Health: -8/48      AC:  3    Str: 15      XL:     5   Next: 80%
Magic:  0/6        EV: 12    Int: 11      God:
Gold:   152        SH:  0    Dex:  9 (10) Spells: 1/6 levels left

rFire    . . .     SeeInvis .   a - +0 hand axe
rCold    . . .     Gourm    .   (no shield)
rNeg     . . .     Faith    .   b - +0 leather armour
rPois    .         Spirit   +   (helmet restricted)
rElec    .         Reflect  .   (no cloak)
rCorr    +         Harm     .   (no gloves)
MR       .....                  (no boots)
Stlth    +.........             o - amulet of guardian spirit {Spirit}
HPRegen  0.16/turn              i - ring of resist corrosion
MPRegen  0.10/turn              s - ring of wizardry {Wiz+, !d}

@: no status effects
A: retaliatory headbutt, horns 2, mutation resistance 1
a: no special abilities


You were on level 4 of the Dungeon.
You were not hungry.

You visited 1 branch of the dungeon, and saw 4 of its levels.

You collected 152 gold pieces.

Inventory:

Hand Weapons
 a - a +0 hand axe (weapon)
Armour
 b - a +0 leather armour (worn)
Jewellery
 g - an uncursed ring of flight {+Fly, !d}
   (You found it on level 4 of the Dungeon)
 i - a ring of resist corrosion (left hand)
   (You found it on level 1 of the Dungeon)
 o - an amulet of guardian spirit (around neck) {Spirit}
   (You found it on level 2 of the Dungeon)
 s - a ring of wizardry (right hand) {Wiz+, !d}
   (You found it on level 2 of the Dungeon)
Wands
 n - a wand of paralysis (6)
   (You found it on level 2 of the Dungeon)
Scrolls
 e - 2 scrolls of remove curse {unknown}
 h - 2 scrolls of teleportation {unknown}
 j - a scroll of blinking {unknown}
 l - a scroll of magic mapping {unknown}
 m - 2 scrolls of identify {unknown}
 r - a scroll of immolation {unknown}
Potions
 f - a potion of invisibility {unknown}
 k - 3 potions of flight
 q - a potion of lignification {unknown}
Books
 c - a book of Battle
Comestibles
 d - 8 rations
 p - a chunk of flesh {@w0}


   Skills:
 + Level 5.5 Fighting
 + Level 5.5 Axes
 - Level 1.2 Armour
 - Level 2.1 Dodging
 - Level 1.3 Spellcasting
 - Level 2.0 Charms


You had one spell level left.
You knew the following spells:

 Your Spells              Type           Power        Failure   Level  Hunger
a - Infusion              Chrm           #...         7%          1    ##.....
b - Song of Slaying       Chrm           #.......     11%         2    ###....
c - Shroud of Golubria    Chrm/Tloc      #.........   16%         2    ###....


Dungeon Overview and Level Annotations

Branches:
Dungeon (4/15)
 Temple: D:4-7

Altars:

Annotations:
D:4 Eustachio


Innate Abilities, Weirdness & Mutations

You reflexively headbutt those who attack you in melee.
You have a pair of horns on your head.
You are somewhat resistant to further mutation.


Message History

Put on which piece of jewellery? (? for menu, Esc to quit)
You're wearing all the rings you can.
Remove which one? (? for menu, Esc to cancel) < or
i - a ring of resist corrosion; > or
s - a ring of wizardry {Wiz+, !d} You remove your ring of resist corrosion.
g - a ring of flight (left hand) Put on which piece of jewellery? (? for menu, Esc to quit)
You're wearing all the rings you can.
Remove which one? (? for menu, Esc to cancel) < or
g - a ring of flight {+Fly, !d}; > or
s - a ring of wizardry {Wiz+, !d} You remove your ring of flight {+Fly, !d}.
i - a ring of resist corrosion (left hand)
You butcher the dart slug corpse.
p - a chunk of flesh {@w0} You now have 152 gold pieces (gained 9).
d - 8 rations (gained 1) Eustachio is too close now for your liking.
Casting: Infusion
Confirm with . or Enter, or press ? or * to list all spells.
You begin infusing your attacks with magical energy.
Eustachio gestures wildly while chanting.
Casting: Infusion
Confirm with . or Enter, or press ? or * to list all spells.
Space distorts slightly along a thin shroud covering your body.
The bat hits you but does no damage.
Eustachio mumbles some strange words.
The bat hits you but does no damage. Eustachio hits you with a rapier!
You hit Eustachio.
Eustachio is lightly wounded.
You hit the iron imp. You hit the river rat. The bat completely misses you.
You furiously retaliate!
You headbutt the bat.
You kill the bat!
The bat's corpse disappears in a puff of smoke!
The river rat barely misses you. You furiously retaliate!
You headbutt the river rat. The iron imp closely misses you.
You hit Eustachio but do no damage. Your headbutt misses Eustachio.
Eustachio is lightly wounded.
You hit the iron imp. You barely miss the river rat.
Your shroud begins to fray at the edges.
Eustachio casts a spell.
Your shroud bends the river rat's attack away!
You hit Eustachio. Your headbutt misses Eustachio.
Eustachio is moderately wounded.
You hit the river rat but do no damage. You hit the iron imp but do no damage.
You barely miss the iron imp. You barely miss the river rat.
Eustachio hits you but does no damage. The river rat barely misses you.
The iron imp barely misses you.
Your shroud bends the iron imp's attack away.
The river rat closely misses you. You furiously retaliate!
You headbutt the river rat. You closely miss Eustachio.
Your headbutt misses Eustachio.
Eustachio is moderately wounded.
You closely miss the river rat. You barely miss the iron imp.
You hit the iron imp but do no damage. You hit the river rat but do no damage.
The river rat closely misses you.
Eustachio gestures wildly while chanting.
Your shroud bends the iron imp's attack away!
The river rat bites you.
You hit Eustachio but do no damage. Your headbutt misses Eustachio.
Eustachio is moderately wounded.
You hit the river rat. You hit the iron imp but do no damage.
You hit the iron imp. You hit the river rat but do no damage.
The river rat misses you. Eustachio closely misses you. The iron imp hits you!
Your shroud falls apart!
The river rat barely misses you.
You hit Eustachio but do no damage.
Eustachio is moderately wounded.
Your leather armour prevents you from hitting the river rat.
You hit the iron imp but do no damage. x2; You barely miss the river rat.
Your magical infusion is running out.
The river rat misses you. Eustachio hits you with a rapier.
The iron imp barely misses you. x2; The river rat bites you!
The river rat barely misses you.
You hit Eustachio but do no damage.
You headbutt Eustachio, but do no damage.
Eustachio is moderately wounded.
You closely miss the river rat.
You hit the iron imp but do no damage. x2
You hit the river rat but do no damage. Eustachio hits you but does no damage.
The iron imp misses you. The iron imp closely misses you.
The river rat bites you. The river rat barely misses you.
You hit Eustachio. Your headbutt misses Eustachio.
Eustachio is moderately wounded.
You barely miss the river rat.
You hit the iron imp but do no damage. x2
You hit the river rat.
You kill the river rat!
The river rat's corpse disappears in a puff of smoke!
The bat misses you. You furiously retaliate!
You headbutt the bat.
You kill the bat!
The bat's corpse disappears in a puff of smoke!
Eustachio casts a spell.
Eustachio blinks!
The iron imp hits you. The iron imp hits you!
* * * LOW HITPOINT WARNING * * *
The river rat bites you!
* * * LOW HITPOINT WARNING * * *
It was a potion of cancellation.
Your magical effects are unravelling.
You feel magically purged.
You are no longer magically infusing your attacks.
The iron imp hits you!
You die...

#############
##...........##
###.............##
.................#
## .#
.................# .
..
.................#.#
#.##
.................#.#
..#
................55.#
##.#####
..........<...@r@5##
#......#
.....<.........##§.#
#......#
.#...####.###### #÷#
#.<....# .#.#.# #.#
#(######....).#
...#.# #$.
#....##.J.....#
.#.#.# ##..
#######.##.###.#.#
##.#.# ...
...Z.##..Z.###...#
#...# ..##
#............## #..
.. ###..........##


You could see Eustachio, 2 iron imps, a river rat and a white imp.

Vanquished Creatures
  A hound (D:3)
  An orc wizard (D:3)
  The ghost of letownia2 the Insei, a weakling MfTm (D:3)
  5 adders
  2 oozes
  5 worms
  3 dart slugs
  4 leopard geckos
  4 orcs
  A ball python (D:1)
  3 giant cockroaches
  6 goblins
  10 hobgoblins
  9 jackals
  13 kobolds
  8 bats
  5 frilled lizards
  7 rats
88 creatures vanquished.

Notes
Turn   | Place    | Note
-------+----------+-------------------------------------------
     0 | D:1      | Mgcat the Minotaur Skald began the quest for the Orb.
     0 | D:1      | Reached XP level 1. HP: 18/18 MP: 1/1
    98 | D:1      | Reached XP level 2. HP: 22/25 MP: 3/3
   107 | D:1      | Reached skill level 3 in Fighting
   107 | D:1      | Reached skill level 3 in Axes
   354 | D:1      | Reached XP level 3. HP: 31/31 MP: 4/4
   476 | D:1      | Learned a level 2 spell: Song of Slaying
   731 | D:2      | Reached skill level 4 in Fighting
   731 | D:2      | Reached skill level 4 in Axes
   770 | D:2      | Reached XP level 4. HP: 17/40 MP: 5/5
   783 | D:2      | Learned a level 2 spell: Shroud of Golubria
  1659 | D:3      | Noticed letownia2's ghost (weakling MfTm)
  1664 | D:3      | Gained mutation: You are somewhat resistant to further mutation. [potion of mutation]
  1675 | D:3      | Killed letownia2's ghost
  1890 | D:3      | HP: 3/41 [orc wizard/puff of frost (11)]
  1896 | D:3      | HP: 10/41 [orc wizard/puff of flame (5)]
  1903 | D:3      | Reached XP level 5. HP: 8/47 MP: 0/6
  2170 | D:3      | Reached skill level 5 in Fighting
  2170 | D:3      | Reached skill level 5 in Axes
  2650 | D:4      | Noticed Eustachio
  2659 | D:4      | HP: 9/48 [hound (4)]
  2663 | D:3      | HP: 1/48 [hound (5)]
  2728 | D:3      | HP: 8/48 [Eustachio/rapier (6)]
  2744 | D:4      | HP: 10/48 [bat[Eustachio] (1)]
  3066 | D:4      | HP: 8/48 [iron imp[Eustachio] (9)]
  3066 | D:4      | HP: 1/48 [river rat[Eustachio] (7)]
  3067 | D:4      | Mangled by an iron imp

Skill      XL: |  1  2  3  4  5 |
---------------+----------------+-----
Fighting       | 3 4 5 |  5.5
Axes           | 3 4 5 |  5.5
Armour         | |  1.2
Dodging        | |  2.1
Spellcasting   | |  1.3
Charms         | |  2.0

Action                   |  1- 3 |  4- 6 || total
-------------------------+-------+-------++-------
Melee: Hand axe          |    87 |   152 ||   239
       Headbutt          |    15 |    21 ||    36
 Cast: Infusion          |       |     6 ||     6
       Shroud of Golubri |       |     1 ||     1
Evoke: Wand              |       |     3 ||     3
  Use: Potion            |       |     9 ||     9
  Eat: Chunk             |       |     7 ||     7
Armor: Leather armour    |    31 |    32 ||    63
Dodge: Dodged            |    62 |   106 ||   168

Vault maps used:
D:1:      evilmike_arrival_fibonacci_small, minivault_5, minmay_split_cup_small
D:2:      hangedman_decor_riveting
D:3:      minmay_door_path, first_ration
D:4:      minmay_temple_entry_overgrown, uniq_eustachio

Table legend:
 A = Turns spent in this place as a percentage of turns spent in the entire game.
 B = Non-inter-level travel turns spent in this place as a percentage of non-inter-level travel turns spent in the entire game.
 C = Inter-level travel turns spent in this place as a percentage of turns spent in this place.
 D = Turns resting spent in this place as a percentage of non-inter-level travel turns spent in this place.
 E = Turns spent auto-exploring this place as a percentage of non-inter-level travel turns spent in this place.
 F = Non-inter-level travel turns spent in this place divided by the number of levels of this place that you've seen.
                   A       B       C       D       E      F
               +-------+-------+-------+-------+-------+----------------------
         Total | 100.0 | 100.0 |   2.8 |   2.9 |  78.0 | 745.2
       Dungeon | 100.0 | 100.0 |   2.8 |   2.9 |  78.0 | 745.2
               +-------+-------+-------+-------+-------+----------------------

Table legend:
 A = Kills in this place as a percentage of kills in entire the game.
 B = Kills by you in this place as a percentage of kills by you in the entire game.
 C = Kills by friends in this place as a percentage of kills by friends in the entire game.
 D = Other kills in this place as a percentage of other kills in the entire game.
 E = Experience gained in this place as a percentage of experience gained in the entire game.
 F = Experience gained in this place divided by the number of levels of this place that you have seen.
                   A       B       C       D       E      F
               +-------+-------+-------+-------+-------+----------------------
         Total | 100.0 | 100.0 |   N/A |   N/A | 100.0 |  86.2
       Dungeon | 100.0 | 100.0 |   N/A |   N/A | 100.0 |  86.2
               +-------+-------+-------+-------+-------+----------------------
